 Dungeon Crawl Stone Soup version 0.31.0-1-g2c135a0 (webtiles) character file.

Game seed: 2808627674086137651

793 bob002 the Cudgeller (level 7, -5/44 HPs)
             Began as a Gargoyle Fighter on Mar 24, 2024.
             Was an Initiate of Gozag.
             Slain by Ijyb the wolf (8 damage)
             ... on level 5 of the Dungeon.
             The game lasted 00:06:14 (3767 turns).

bob002 the Cudgeller (Gargoyle Fighter)             Turns: 3767, Time: 00:06:15

Health: -5/44      AC: 15    Str: 22    XL:     7   Next: 88%
Magic:  7/7        EV:  8    Int:  8    God:    Gozag
Gold:   296        SH:  4    Dex:  9    Spells: 6/6 levels left

rFire   . . .        a - +0 flail
rCold   . . .        c - +0 buckler
rNeg    + . .        t - +0 chain mail
rPois   ∞            (no helmet)
rElec   +            n - +0 cloak
rCorr   .            (no gloves)
SInv    .            (no boots)
Will    .....        (no amulet) Stlth
                     (no ring)
HPRegen 0.27/turn    (no ring)
MPRegen 0.10/turn

%: no passive effects
@: gold aura
A: sickness immunity, AC +4, negative energy resistance 1, electricity
resistance, torment resistance 1, petrification resistance
a: Renounce Religion, Potion Petition, Call Merchant, Bribe Branch


You were on level 5 of the Dungeon.
You worshipped Gozag.
Gozag was aware of your devotion.
You visited 2 branches of the dungeon, and saw 6 of its levels.

You collected 375 gold pieces.
You paid 79 gold pieces to Gozag.

Inventory:

Hand Weapons
 a - a +0 flail (weapon)
Armour
 c - a +0 buckler (worn)
 n - a +0 cloak (worn)
 t - a +0 chain mail (worn)
Wands
 l - a wand of polymorph (1)
Scrolls
 d - a scroll of noise {unknown}
 f - 2 scrolls of enchant armour {unknown}
 h - 2 scrolls of identify {unknown}
 i - 3 scrolls of revelation {unknown}
 j - a scroll of poison {unknown}
 k - a scroll of teleportation {unknown}
 p - a scroll of acquirement {unknown}
 q - a scroll of fog {unknown}
Potions
 b - a potion of invisibility {unknown}
 e - 2 potions of curing {unknown}
 g - a potion of mutation {unknown}
 m - 2 potions of lignification {unknown}
 o - a potion of enlightenment {unknown}
 r - a potion of might
 s - a potion of ambrosia {unknown}


   Skills:
 + Level 4.7 Fighting
 + Level 6.4 Maces & Flails
 - Level 3.2 Armour
 - Level 0.7 Dodging
 + Level 4.4 Shields
 + Level 0.5 Unarmed Combat
 * Level 3.1 Evocations


You had 6 spell levels left.
You didn't know any spells.
Your spell library contained the following spells:

 Spells                   Type           Power      Damage    Failure   Level
 Apportation              Tloc           0%         N/A       98%         1
 Jinxbite                 Hex            0%         N/A       99%         2
 Alistair's Intoxication  Alch           0%         N/A       100%        5


Dungeon Overview and Level Annotations

Branches:
Dungeon (5/15)             Temple (1/1) D:4

Altars:
Ashenzari
Cheibriados
Dithmenos
Elyvilon
Fedhas
Gozag
Hepliaklqana
Makhleb
Nemelex Xobeh
Qazlal
Ru
Sif Muna
Trog
Uskayaw
Vehumet
Wu Jian
Xom
Yredelemnul
The Shining One

Annotations:
D:5 Ijyb
Temple 2 transporters


Innate Abilities, Weirdness & Mutations

You are immune to sickness and miasma.
Your stone body is resilient. (AC +4)
You are immune to poison.
You resist negative energy. (rN+)
You are resistant to electric shocks. (rElec)
You are resistant to unholy torment.
You are immune to petrification.


Message History

Ijyb shouts!
Ijyb moves out of view.
A jelly comes into view.
Ijyb zaps a wand.
You struggle to resist.
You hit the jelly.
Your hands burn!
The jelly is heavily wounded.
You block the jelly's attack.
You sock the jelly!
You kill the jelly!
Ijyb zaps a wand.
Your mind is blasted!
Ijyb hits you but does no damage.
You see here 6 gold pieces.
You barely miss Ijyb. Ijyb hits you but does no damage.
You hit Ijyb but do no damage. Ijyb barely misses you.
You hit Ijyb.
Ijyb is lightly wounded.
Ijyb hits you but does no damage.
You sock Ijyb!
Ijyb is heavily wounded.
Ijyb zaps a wand.
Your mind is blasted!
* * * LOW HITPOINT WARNING * * *
You hit Ijyb.
Ijyb is heavily wounded.
Ijyb closely misses you.
You closely miss Ijyb.
Ijyb is heavily wounded.
Ijyb hits you but does no damage. x2
You closely miss Ijyb.
Ijyb is heavily wounded.
Ijyb zaps a wand.
Your mind is blasted!
* * * LOW HITPOINT WARNING * * *
Aiming: Polymorph
Press: ? - help, Shift-Dir - straight line, f - Ijyb
Aim: Ijyb, wielding a +0 dagger, wearing a +0 scale mail and carrying a wand of mindburst (heavily wounded, will become a wolf, a river rat, or a scorpion, chance to affect: 66%) Ijyb evaporates and reforms as a wolf!
You block Ijyb's attack.
You closely miss Ijyb.
Ijyb is heavily wounded.
Ijyb bites you but does no damage. Ijyb bites you!
You die...
Your body crumbles into a pile of gold.

. ..# # #.# #.
#####.# # .# .....#
#.# . ....# ....
#####.####.#.# .....
......#....#h#......
............@.......
..<....<...#.#.#.###
############.# # #.#
#.# #.# ... ###


You could see Ijyb the wolf.

Vanquished Creatures
  Grinder (D:4)
  Sigmund (D:2)
  A scorpion (D:4)
  A howler monkey (D:4)
  2 orc priests (D:3)
  A bombardier beetle (D:3)
  A hound (D:4)
  A jelly (D:5)
  Natasha (thrice) (D:2)
  3 adders
  A shadow imp (D:4)
  2 ufetubi (D:3)
  6 dart slugs
  7 orcs
  An endoplasm (D:1)
  2 goblins (D:2)
  6 hobgoblins
  6 jackals (D:1)
  7 quokkas
  5 ball pythons
  4 bats
  A frilled lizard (D:2)
  5 kobolds
  9 rats
77 creatures vanquished.

Notes
Turn   | Place    | Note
-------+----------+-------------------------------------------
     0 | D:1      | bob002 the Gargoyle Fighter began the quest for the Orb.
     0 | D:1      | Reached XP level 1. HP: 14/14 MP: 1/1
    68 | D:1      | Reached XP level 2. HP: 18/19 MP: 2/2
   551 | D:1      | Reached XP level 3. HP: 23/23 MP: 3/3
   779 | D:1      | Reached skill level 1 in Evocations
  1222 | D:2      | Reached XP level 4. HP: 29/29 MP: 4/4
  1244 | D:2      | Noticed Sigmund
  1261 | D:2      | HP: 1/29 [Sigmund/+0 scythe (6)]
  1265 | D:2      | Killed Sigmund
  1266 | D:2      | Reached skill level 4 in Maces & Flails
  1266 | D:2      | Reached XP level 5. HP: 3/33 MP: 5/5
  1448 | D:2      | Noticed Natasha
  1452 | D:2      | Killed Natasha
  1453 | D:2      | Reached XP level 6. HP: 38/38 MP: 6/6
  1492 | D:2      | Noticed Natasha
  1515 | D:2      | Killed Natasha
  1649 | D:2      | Noticed Natasha
  1658 | D:2      | Killed Natasha
  1888 | D:3      | You fall into a shaft and drop 1 floor!
  1918 | D:4      | Noticed Grinder
  1918 | D:4      | Paralysed by Grinder for 4 turns
  1933 | D:4      | Killed Grinder
  1934 | D:4      | Reached skill level 5 in Maces & Flails
  1934 | D:4      | Reached XP level 7. HP: 34/44 MP: 7/7
  2314 | D:4      | Found a staircase to the Ecumenical Temple.
  2335 | Temple   | Found a transporter.
  2335 | Temple   | Found a transporter.
  2335 | Temple   | Found a transporter.
  2335 | Temple   | Found a transporter.
  2335 | Temple   | Entered the Ecumenical Temple
  2361 | Temple   | Became a worshipper of Gozag Ym Sagoz the Greedy
  3082 | D:3      | Reached skill level 6 in Maces & Flails
  3750 | D:5      | Entered Level 5 of the Dungeon
  3752 | D:5      | Noticed Ijyb
  3766 | D:5      | Ijyb changed into Ijyb the wolf
  3766 | D:5      | Noticed Ijyb
  3767 | D:5      | Slain by Ijyb the wolf

Illustrated notes

Levels and vault maps discovered:
D:1:      beargit_arrival_greenhouse, layout_basic, serial_park_tiny_pond,
          minivault_11
D:2:      layout_basic, minmay_rat_gold_closets, uniq_natasha, uniq_sigmund
D:3:      layout_loops_ring, minivault_14, roderic_malta_cross,
          nicolae_elevator_lobby_plus
D:4:      layout_basic, minmay_temple_entry_trees, uniq_grinder
D:5:      layout_basic, gup_sewer_entry_bubbles, grunt_tough_drop, uniq_ijyb
Temple:   hellmonk_temple_divided_pantheon

Skill      XL: |  1  2  3  4  5  6  7 |
---------------+----------------------+-----
Evocations     | 1 2 3 |  3.1
Fighting       | 4 |  4.7
Maces & Flails | 4 5 6 |  6.4
Shields        | 4 |  4.4
Armour         | |  3.2
Dodging        | |  0.7
Unarmed Combat | |  0.5

Action                     |  1- 3 |  4- 6 |  7- 9 || total
---------------------------+-------+-------+-------++-------
  Melee: Flail             |   122 |    40 |   134 ||   296
         Unarmed           |       |    15 |       ||    15
  Evoke: Wand              |       |       |     1 ||     1
    Use: Potion            |       |     1 |       ||     1
   Stab: Distracted        |       |       |     1 ||     1
 Armour: Scale mail        |   118 |    25 |    57 ||   200
         Skin              |       |     4 |       ||     4
         Chain mail        |       |       |    48 ||    48
  Dodge: Dodged            |    73 |    27 |    55 ||   155
  Block: Buckler           |    29 |     5 |    42 ||    76
